 Dungeon Crawl Stone Soup version 0.17.0-24-gcfadda4 (webtiles) character file.

34 Sorcv the Sneak (level 3, 0/24 HPs)
             Began as a Mummy Enchanter on Nov 15, 2015.
             Slain by an orc
             ... wielding a +2 mace of protection
              (9 damage)
             ... on level 3 of the Dungeon.
             The game lasted 00:03:42 (1040 turns).

Sorcv the Sneak (Mummy Enchanter)                   Turns: 1040, Time: 00:03:42

Health: 0/24       AC:  4    Str:  8    XL:     3   Next: 14%
Magic:  4/6        EV: 12    Int: 14    God:
Gold:   48         SH:  0    Dex: 13    Spells: 2 memorised, 3 levels left

rFire  x . .     SeeInvis .     a - +1 dagger
rCold  + . .     Clarity  .     b - +1 robe
rNeg   + + +     SustAt   .     (no shield)
rPois  ∞         Gourm    .     (no helmet)
rElec  .         Spirit   .     f - +0 cloak
rCorr  .         Warding  .     (no gloves)
rMut   .         Stasis   .     (no boots)
MR     .....                    (no amulet)
Stlth  ++........               (no ring)
                                k - -3 ring of strength (curse)

@: very slightly contaminated, not resistant to hostile enchantments, unstealthy
A: no food or potions, fire vulnerability, cold resistance 1, negative energy
resistance 3, torment resistance, unbreathing
a: no special abilities


You were on level 3 of the Dungeon.
You were not hungry.

You visited 1 branch of the dungeon, and saw 3 of its levels.

You collected 48 gold pieces.

Inventory:

Hand Weapons
 a - a +1 dagger (weapon)
Armour
 b - a +1 robe (worn)
 f - a +0 cloak (worn)
Jewellery
 k - a cursed -3 ring of strength (left hand)
Scrolls
 d - a scroll of magic mapping {unknown}
 e - a scroll of teleportation {unknown}
 g - a scroll of enchant armour {unknown}
 h - a scroll of remove curse {unknown}
 i - a scroll of noise {unknown}
 j - a scroll of fog {unknown}
 l - a scroll of random uselessness {unknown}
 m - a scroll of enchant weapon {unknown}
Books
 c - a book of Maledictions

   Spells                             Type                      Level
   a - Corona                         Hexes                        1
   b - Ensorcelled Hibernation        Hexes/Ice                    2
   c - Confuse                        Hexes                        3
   d - Tukima's Dance                 Hexes                        3
   e - Dazzling Spray                 Conjuration/Hexes            3


   Skills:
 - Level 1.1 Short Blades
 - Level 1.6 Dodging
 * Level 3.1 Stealth
 - Level 2.1 Spellcasting
 - Level 3.0 Hexes


You had 3 spell levels left.
You knew the following spells:

 Your Spells              Type           Power        Failure   Level  Hunger
a - Corona                Hex            #......      10%         1    N/A
b - Ensorcelled Hibernat  Hex/Ice        #.....       21%         2    N/A

Dungeon Overview and Level Annotations

Branches:
Dungeon (3/15)

Altars:
Elyvilon
Qazlal


Innate Abilities, Weirdness & Mutations

You do not eat or drink.
Your flesh is vulnerable to fire.
You are immune to poison.
Your flesh is cold resistant.
You are immune to negative energy.
You are immune to unholy pain and torment.
You can survive without breathing.


Message History

Press: ? - help, Shift-Dir - straight line, f - orc
Aim: an orc, wielding a mace of protection and wearing a leather armour (heavily wounded, chance to defeat MR: 77%)
You miscast Ensorcelled Hibernation.
You are very lightly contaminated with residual magic.
Nothing appears to happen.
The orc misses you.
You closely miss the orc.
The orc is moderately wounded.
The orc hits you with a mace of protection.
You hit the orc.
The orc is heavily wounded.
The orc misses you.
You hit the orc.
The orc is severely wounded.
The orc hits you with a mace of protection.
You barely miss the orc.
The orc is severely wounded.
You hit the orc but do no damage.
The orc is severely wounded.
The orc hits you with a mace of protection!
You die...

#..........##.#.......##
.....####.###).##..#..##
.#...####.# ##o#...#...#
..........## #.#...#.#.(
...........# #.......#..
.....b..##..(.......K..o
.(#....K##g.####......#.
#..##o###.# #..#.>.#.
##. #@# .# ####...##
##......># .....#
####.!....! ....l.#
....... .....# .......
....... ....... .......


You could see an orc, a bat (sleeping) and a kobold.

Vanquished Creatures
  2 giant cockroaches (D:2)
  6 goblins (D:2)
  6 hobgoblins
  8 kobolds
  4 bats
  2 giant newts
  2 jackals (D:1)
  4 rats
34 creatures vanquished.

Notes
Turn   | Place    | Note
--------------------------------------------------------------
     0 | D:1      | Sorcv the Mummy Enchanter began the quest for the Orb.
     0 | D:1      | Reached XP level 1. HP: 13/13 MP: 3/3
   148 | D:1      | Reached skill level 3 in Hexes
   173 | D:1      | Reached XP level 2. HP: 10/19 MP: 5/5
   496 | D:1      | Learned a level 2 spell: Ensorcelled Hibernation
   539 | D:1      | Reached skill level 1 in Short Blades
   719 | D:2      | Found a white marble altar of Elyvilon.
   815 | D:2      | Found a stormy altar of Qazlal.
   824 | D:2      | Reached XP level 3. HP: 21/24 MP: 6/6
  1040 | D:3      | Slain by an orc

Action                   || total
-------------------------++-------
Melee: Dagger            ||   132
 Cast: Corona            ||     1
       Ensorcelled Hiber ||     1
 Stab: Sleeping          ||     7
